 Dungeon Crawl Stone Soup version 0.29-a0-384-g6960b1960d (webtiles) character file.

Game seed: 3274783685284469439

21 holysushi the Skirmisher (level 2, 22/33 HPs)
             Began as an Ogre Monk on May 7, 2022.
             Quit the game on level 1 of the Dungeon.
             The game lasted 00:00:32 (734 turns).

holysushi the Skirmisher (Ogre Monk)                 Turns: 734, Time: 00:00:33

Health: 22/33      AC:  3    Str: 14    XL:     2   Next: 87%
Magic:  2/2        EV: 10    Int: 11    God:
Gold:   21         SH:  0    Dex: 11    Spells: 1/1 levels left

rFire   . . .      SeeInvis .   a - +0 mace
rCold   . . .      Faith    .   (no shield)
rNeg    . . .      Spirit   .   b - +0 robe
rPois   .          Reflect  .   (helmet restricted)
rElec   .          Harm     .   (no cloak)
rCorr   .          Rampage  .   (gloves unavailable)
Will    .....                   (boots unavailable)
Stlth   ++........              (no amulet)
HPRegen 0.11/turn               (no ring)
MPRegen 0.08/turn               (no ring)

@: no status effects
A: large, unfitting armour, tough skin 1
a: no special abilities


You were on level 1 of the Dungeon.
You visited 1 branch of the dungeon, and saw 1 of its levels.

You collected 21 gold pieces.

Inventory:

Hand Weapons
 a - a +0 mace (weapon)
Armour
 b - a +0 robe (worn)
Scrolls
 g - a scroll of teleportation {unknown}
Potions
 c - a potion of ambrosia
 d - a potion of flight {unknown}
 e - 2 potions of curing {unknown}
 f - a potion of heal wounds {unknown}


   Skills:
 + Level 4.4 Fighting
 * Level 3.3 Maces & Flails
 - Level 2.6 Dodging
 - Level 1.4 Stealth


You had one spell level left.
You didn't know any spells.
Your spell library was empty.

Dungeon Overview and Level Annotations

Branches:
Dungeon (1/15)

Altars:


Innate Abilities, Weirdness & Mutations

You are too large for most types of armour.
You have tough skin. (AC +1)


Message History

The endoplasm barely misses you.
You completely miss the endoplasm. The bat closely misses you.
The endoplasm freezes you.
You are frozen.
The endoplasm closely misses you.
You hit the endoplasm.
The endoplasm is moderately wounded.
The bat closely misses you. The endoplasm hits you.
You barely miss the endoplasm.
The endoplasm is moderately wounded.
The bat hits you. The endoplasm barely misses you. The endoplasm freezes you.
You are frozen.
You barely miss the endoplasm.
The endoplasm is moderately wounded.
The bat completely misses you.
The endoplasm hits you but does no damage.
The endoplasm barely misses you.
You thump the endoplasm!
You kill the endoplasm!
The bat hits you but does no damage. The endoplasm hits you.
The endoplasm closely misses you.
You hit the endoplasm but do no damage. The bat barely misses you.
The endoplasm barely misses you.
You hit the endoplasm.
The endoplasm is moderately wounded.
The bat hits you. The bat closely misses you. The endoplasm closely misses you.
You sock the endoplasm!
You kill the endoplasm!
The bat hits you but does no damage. The bat misses you.
You miss the bat. The bat barely misses you.
You miss the bat. The bat closely misses you. The bat barely misses you.
You miss the bat. The bat hits you. The bat hits you but does no damage.
You hit the bat but do no damage. The bat hits you but does no damage.
The bat barely misses you. The bat hits you.
The bat hits you but does no damage.
You hit the bat but do no damage. The bat misses you.
You barely miss the bat. The bat barely misses you. The bat misses you.
The bat hits you but does no damage.
Are you sure you want to abandon this character and quit the game? (Confirm with "yes".)

#.....†).....#........#
..........................
..........................
..........................
.........)................
...####...................
..........................
..........................
...........(....@.........
...#########...b..........
...#####..................
.....[....................
##........................
#...........###........##
#####........ .........#
............. ...........
.............


You could see a bat.

Vanquished Creatures
  A dart slug (D:1)
  3 endoplasms (D:1)
  2 giant cockroaches (D:1)
  2 goblins (D:1)
  3 hobgoblins (D:1)
  2 quokkas (D:1)
  A frilled lizard (D:1)
  2 rats (D:1)
16 creatures vanquished.

Notes
Turn   | Place    | Note
-------+----------+-------------------------------------------
     0 | D:1      | holysushi the Ogre Monk began the quest for the Orb.
     0 | D:1      | Reached XP level 1. HP: 24/24 MP: 1/1
   486 | D:1      | Reached XP level 2. HP: 29/32 MP: 2/2
   734 | D:1      | Quit the game

Illustrated notes

Levels and vault maps discovered:
D:1:      dpeg_arrival_boxes_within_box, layout_basic, basic_ecumenical_altar

Skill      XL: |  1 |
---------------+----+-----
Maces & Flails | 3 |  3.3
Fighting       | |  4.4
Dodging        | |  2.6
Stealth        | |  1.4

Action                   || total
-------------------------++-------
Melee: Mace              ||    56
Armor: Robe              ||    15
Dodge: Dodged            ||    54

Table legend: (Time is in decaauts)
 A = Elapsed time spent in this place.
 B = Non-inter-level travel time spent in this place.
 C = Inter-level travel time spent in this place.
 D = Time resting spent in this place.
 E = Time spent auto-exploring this place.
 F = Levels seen in this place.
 G = Mean time per level.
                   A        B        C        D        E       F      G
               +--------+--------+--------+--------+--------+-----+--------+
         Total |    748 |    748 |      0 |    204 |    388 |   1 |  748.0 |
       Dungeon |    748 |    748 |      0 |    204 |    388 |   1 |  748.0 |
               +--------+--------+--------+--------+--------+-----+--------+

Top non-repeatable levels by time:
     D:1: 748 daAuts
